AoeStats
← filip

Nomad

506965631Analyzed
2v2 RM · 16d ago on Sep 16, 2026· 77m 37s· 4 players
Game mode
Random Map
Map size
176×176
Population
200
Speed
Normal
Resources
Standard
Victory
Conquest
Starting age
Dark Age
Ending age
Imperial Age
RankedLock teamsTeams togetherTeam positionsShared explorationLock speedFull tech treeHidden civsTurbo modeCheats
Victory
Defeat
🇳🇴 Bengalis · Norway
1092
+15
🇦🇷 Portuguese · Argentina
1043
+17
🇨🇱 Saracens · Chile
1074
-16
🇨🇱 Lithuanians · Chile
1074
-16
Gordo
5:02 Loom
15:12 Feudal Age
19:55 Castle Age
21:14 Medium Warships
22:34 Double-Bit Axe
23:06 Fletching
23:16 Padded Archer Armor
31:29 Bow Saw
38:11 Bodkin Arrow
42:03 Horse Collar
44:11 Ballistics
43:49 Murder Holes
44:43 Wheelbarrow
47:10 Imperial Age
51:23 Wheelbarrow
50:34 Town Watch
50:50 Heavy Plow
51:55 Two-Man Saw
51:46 Scale Mail Armor
51:56 Forging
51:14 Pikeman
51:40 Gambesons
51:41 Arson
53:43 Halberdier
59:34 Chain Mail Armor
59:54 Iron Casting
69:40 Conscription
TheEskimoBrother
5:07 Loom
14:55 Feudal Age
18:25 Castle Age
19:26 Town Watch
20:17 Wheelbarrow
19:55 Double-Bit Axe
21:00 Medium Warships
20:31 Fishing Lines
21:20 Bow Saw
22:09 Gold Mining
22:12 Stone Mining
23:28 Gold Shaft Mining
27:18 Fletching
27:57 Bodkin Arrow
28:06 Gillnets
28:52 Hand Cart
29:05 Horse Collar
33:21 Imperial Age
30:59 Scale Barding Armor
31:40 Husbandry
31:50 Bloodlines
32:04 Ballistics
32:23 Squires
31:44 Pikeman
32:59 Chain Barding Armor
33:48 Town Patrol
34:22 Conscription
35:05 Chemistry
34:44 Elite Ratha (Ranged)
35:34 Paiks
36:00 Mahayana
38:55 Two-Man Saw
38:39 Plate Barding Armor
38:05 Bracer
37:50 Treadmill Crane
38:23 Masonry
42:25 Heavy Plow
47:50 Elite Cannon Galleon
57:32 Halberdier
58:23 Scale Mail Armor
58:34 Forging
58:25 Padded Archer Armor
59:32 Chain Mail Armor
59:19 Padded Archer Armor
59:56 Elite Battle Elephant
67:51 Iron Casting
67:32 Leather Archer Armor
69:32 Siege Elephant
filip
6:08 Loom
14:10 Feudal Age
20:15 Castle Age
22:45 Scale Barding Armor
25:13 Forging
33:23 Chain Barding Armor
33:39 Iron Casting
34:54 Bloodlines
36:35 Husbandry
36:29 Town Watch
37:20 Wheelbarrow
39:03 Double-Bit Axe
39:25 Town Patrol
45:28 Imperial Age
47:06 Cavalier
50:56 Plate Barding Armor
54:38 Paladin
58:59 Capped Ram
61:37 Onager
65:47 Light Cavalry
RickOP
14:13 Loom
16:15 Feudal Age
20:51 Castle Age
20:10 Double-Bit Axe
21:44 Bow Saw
22:03 Medium Warships
23:57 Wheelbarrow
24:47 Fletching
28:04 Hand Cart
29:02 Bodkin Arrow
45:17 Imperial Age
46:37 Conscription
49:08 Bracer
48:53 Elite Mameluke
50:30 Scale Barding Armor
52:08 Ballistics
52:48 Chemistry
52:04 Town Watch
53:40 Chain Barding Armor
62:00 Forging
61:51 Padded Archer Armor
64:21 Counterweights
64:29 Bimaristan
65:02 Town Patrol
Connection lost

Rejoining the realm…

Still unreachable

The connection could not be restored.

Session expired

The server has moved on; the page needs a fresh start.